 Dungeon Crawl Stone Soup version 0.16.2-12-gd0ad4c3 (webtiles) character file.

75870 dvd the Bludgeoner (level 15, 0/115 HPs)
             Began as an Ogre Berserker on Oct 12, 2015.
             Was the Champion of Trog.
             Slain by an Executioner (2 damage)
             ... on level 2 of the Abyss on Oct 13, 2015.
             The game lasted 02:44:03 (27165 turns).

dvd the Bludgeoner (Ogre Berserker)                Turns: 27165, Time: 02:44:04

Health: 0/115      AC: 12    Str: 30    XL:     15   Next: 51%
Magic:  0/28       EV: 14    Int:  7    God:    Trog [******]
Gold:   1525       SH:  0    Dex:  9    Spells: 0 memorised, 14 levels left

rFire  + + .     SeeInvis .     b - +6 dire flail "Theamuack" {crush, rElec}
rCold  . . .     Rnd*Rage +     M - +3 troll leather armour
rNeg   . . .     SustAb   .     (shield restricted)
rPois  +         Gourm    .     A - +3 hat of Pondering {ponderous, MR+ MP+10 Int+5}
rElec  +         Spirit   +     J - +2 cloak
rCorr  .         Warding  .     (gloves unavailable)
rMut   .         Rnd*Tele +     (boots unavailable)
MR     ++...                    Y - amulet of guardian spirit
Stlth  ++........               d - ring of Springtime {rF++ Int-2 Dex+3}
                                V - ring of poison resistance

@: about to teleport, drained, slow, very resistant to hostile enchantments,
unstealthy
A: unfitting armour, berserk 1, clumsy 2, deformed body, deterioration 2, dopey
1, frail 3, low mp 1, screaming 1, teleportitis 2, tough skin 1, placid magic 1,
MP-powered wands 1
a: Burn Spellbooks, Berserk, Trog's Hand, Brothers in Arms, Renounce Religion


You were on level 2 of the Abyss.
You worshipped Trog.
Trog was exalted by your worship.
You were not hungry.

You visited 5 branches of the dungeon, and saw 25 of its levels.
You visited the Abyss 1 time.
You also visited: Ice Cave.

You collected 1525 gold pieces.

Inventory:

Hand weapons
 a - a +8 flail of protection
 b - the +6 dire flail "Theamuack" (weapon) {crush, rElec}
   (Trog gifted it to you on level 8 of the Lair of Beasts)

   It inflicts extra damage upon your enemies.
   It insulates you from electricity.
 N - a +5 great mace of protection
 S - the +3 morningstar of Smyum {crush, rC+ MR+ Str+5 Dex-4 Stlth+}
   (Trog gifted it to you on level 7 of the Lair of Beasts)

   It inflicts extra damage upon your enemies.
   It affects your strength (+5).
   It affects your dexterity (-4).
   It protects you from cold.
   It affects your resistance to hostile enchantments.
   It makes you more stealthy.
Missiles
 q - 5 tomahawks
 F - 11 large rocks (quivered)
Armour
 k - a +1 hat of cold resistance
 A - the +3 hat of Pondering (worn) {ponderous, MR+ MP+10 Int+5}
   (You took it off Gastronok on level 10 of the Dungeon)

   It affects your intelligence (+5).
   It affects your resistance to hostile enchantments.
   It affects your magic capacity (+10).
 G - a +0 shield
 J - a +2 cloak (worn)
 M - a +3 troll leather armour (worn)
Jewellery
 d - the ring of Springtime (right hand) {rF++ Int-2 Dex+3}
   (You found it on level 5 of the Dungeon)

   [ring of dexterity]

   It affects your intelligence (-2).
   It affects your dexterity (+3).
   It greatly protects you from fire.
 i - the ring of Suliog {+Fly MR+ Str-3 Dex+2}
   (You found it on level 7 of the Dungeon)

   [ring of strength]

   It affects your strength (-3).
   It affects your dexterity (+2).
   It affects your resistance to hostile enchantments.
   It lets you fly.
 m - an uncursed amulet of resist corrosion
 P - an uncursed ring of teleportation
 V - a ring of poison resistance (left hand)
 Y - an amulet of guardian spirit (around neck)
Magical devices
 l - a wand of magic darts (17)
 r - a wand of polymorph (8)
 s - a wand of cold (10)
 y - a wand of digging (3)
 z - a wand of random effects (32)
 E - a wand of disintegration (11)
 H - a wand of slowing (27)
 R - a wand of cold (4)
 U - a wand of flame (33)
 W - a wand of flame (21)
 X - a wand of draining (5)
Scrolls
 e - 9 scrolls of identify
 o - 2 scrolls of remove curse
 p - 2 scrolls of teleportation
 C - 3 scrolls of fog
 I - 2 scrolls of recharging
 K - a scroll of blinking
Potions
 f - 4 potions of heal wounds
 j - a potion of cure mutation
 n - a potion of cancellation
 u - 6 potions of restore abilities
 x - 5 potions of might
 D - 6 potions of curing
 Z - a potion of magic
Comestibles
 c - 11 meat rations
 t - 10 bread rations
 w - 73 fruits


   Skills:
 + Level 14.8(14.1) Fighting
   Level 0.1(6.2) Axes
 + Level 17.0(16.3) Maces & Flails
 + Level 9.3(8.7) Throwing
 + Level 4.3(3.7) Armour
 + Level 13.4(12.7) Dodging
 + Level 5.4(4.8) Stealth
 + Level 8.0(7.4) Shields
 + Level 2.6(2.1) Evocations


You had 14 spell levels left.
You didn't know any spells.

Dungeon Overview and Level Annotations

Branches:
Dungeon (12/15)            Temple (1/1) D:6            Lair (8/8) D:10
 Shoals (2/5) Lair:4       Spider (0/5) Lair:6        Slime (0/6) Lair:8
    Orc (2/4) D:12

Altars:
Ashenzari
Cheibriados
Dithmenos
Elyvilon
Fedhas
Gozag
Kikubaaqudgha
Makhleb
Nemelex Xobeh
Okawaru
Qazlal
Ru
Sif Muna
Trog
Vehumet
Xom
Yredelemnul
Zin
The Shining One

Shops:
D:12 ?


Innate Abilities, Weirdness & Mutations

You are too large for most types of armour.
You have tough skin (AC +1).
[You tend to lose your temper in combat.]
[You are very clumsy. (Dex -4)]
[Armour fits poorly on your strangely shaped body.]
[Your body is deteriorating.]
[You are dopey. (Int -2)]
[You are extremely frail (-30% HP).]
[Your magical capacity is low (-10% MP).]
[You occasionally shout uncontrollably at your foes.]
[Space sometimes distorts in your vicinity.]
[Your spells are a little easier to cast, but a little less powerful.]
[You expend magic power (3 MP) to slightly strengthen your wands.]


Message History

The Executioner completely misses you.
The Executioner hits you but does no damage.
Unknown command.
The Executioner barely misses you.
The Executioner hits you but does no damage.
The Executioner barely misses you.
The Executioner hits you but does no damage. x2
The Executioner hits you.
* * * LOW HITPOINT WARNING * * *
The wretched star pulses with an eldritch light!
You feel clumsy.
You feel a little pissed off.
You feel even more weirdly uncertain.
You feel less able to contain your magic power.
The smoke demon twists and deforms.
The Executioner twists and deforms.
The Executioner closely misses you.
The Executioner hits you but does no damage.
The Executioner hits you.
* * * LOW HITPOINT WARNING * * *
The Executioner hits you.
You die...

.. ..#.3...#
.#.## .
...###*..###
#..## # # ##.##
### ##
..###...###..###
## .>.#...3.#..#
#. #
............# #
...#.....#..# ##
..###.1.###....
# ##@## #.##..
#...# ## #.....#
.........
..#.....#..
..###...###.. #
##.## # ... ...


You could see a wretched star, an Executioner, a smoke demon and a chaos spawn.

Vanquished Creatures
  Gastronok (D:10)
  The ghost of Kharon the Impaler, a powerful MiFi of Trog (D:12)
  The ghost of Charly the Severer, a powerful DDBe of Trog (Lair:8)
  2 blizzard demons (IceCv)
  3 hydras
  Erica (Lair:3)
  A centaur warrior (D:12)
  A tengu warrior (D:11)
  15 death yaks
  Nergalle (D:11)
  The ghost of CrazyArbalest the Black Sun, an experienced DENe of Kikubaaqudgha (D:8)
  Erolcha (D:10)
  4 ice devils (IceCv)
  2 sea snakes
  2 harpies (Shoals:2)
  2 ice statues (IceCv)
  The ghost of CrazyArbalest the Jinx, an experienced DEAM of Xom (D:10)
  2 griffons (Lair:4)
  An orc knight (Orc:2)
  A large abomination (Abyss:2)
  3 hill giants
  A cyclops (D:12)
  An ugly thing (D:11)
  A water nymph (Shoals:2)
  3 manticores
  3 elephants (Lair:2)
  15 spiny frogs
  Joseph (D:9)
  A siren (Shoals:2)
  5 black mambas
  6 komodo dragons
  The ghost of Kharon the Covert, an experienced HaAs (D:5)
  2 merfolk (Shoals:1)
  9 blue devils (IceCv)
  2 trolls
  2 giant leeches (Lair:8)
  2 polar bears
  4 basilisks
  A boulder beetle (Lair:8)
  2 ravens (D:11)
  20 blink frogs
  A trapdoor spider zombie (D:11)
  A redback (Lair:6)
  50 yaks
  2 wyverns
  2 hungry ghosts
  Grum (D:9)
  8 vampire mosquitoes (Lair:8)
  17 hippogriffs
  A steam dragon (Lair:3)
  7 swamp worms (D:12)
  13 wolves
  Edmund (D:8)
  12 water moccasins
  A soldier ant (D:11)
  An orc warrior (Orc:2)
  A phantom (D:9)
  A wasp (D:12)
  12 porcupines
  6 ogres
  A necrophage (D:8)
  3 sky beasts
  12 ice beasts
  9 centaurs
  A black bear (D:9)
  16 crocodiles
  4 boring beetles
  A big kobold (D:11)
  A gnoll sergeant (D:9)
  21 giant frogs
  5 scorpions
  8 killer bees
  A wyvern skeleton (D:10)
  4 goliath beetles
  6 crimson imps
  14 wights
  A gnoll shaman (D:4)
  2 centaur zombies
  2 giant frog skeletons
  16 hounds
  10 electric eels
  2 giant frog zombies
  3 centaur skeletons
  21 jellies
  9 iguanas
  8 orc priests
  12 orc wizards
  12 worker ants
  A killer bee zombie (D:11)
  11 sheep
  A hound zombie (D:5)
  The ghost of Typee the Grasshopper, a weakling HEWr (D:4)
  A mummy (D:11)
  3 worker ant zombies
  14 gnolls
  78 river rats
  25 adders
  A giant mite (D:6)
  4 shadow imps
  8 white imps (IceCv)
  14 worms
  6 ufetubi (IceCv)
  An adder zombie (D:6)
  2 adder skeletons
  15 giant geckos
  49 orcs
  2 ball pythons
  A bat zombie (D:5)
  8 giant cockroaches
  16 hobgoblins
  4 jackals (D:3)
  2 oozes
  10 quokkas
  17 bats
  6 giant newts
  3 giant spores
  12 goblins
  A jackal zombie (D:7)
  18 kobolds
  A quokka skeleton (D:9)
  5 rats
  2 rat zombies (D:5)
  9 ballistomycetes
  A fungus (Lair:5)
  4 plants
829 creatures vanquished.

Vanquished Creatures (others)
  A white imp (IceCv)
  2 ufetubi (IceCv)
  A giant spore (D:6)
  46 fungi
  22 plants
  4 tentacles (Shoals:1)
  217 tentacle segments (Shoals:1)
293 creatures vanquished.

Grand Total: 1122 creatures vanquished

Notes
Turn   | Place    | Note
--------------------------------------------------------------
     0 | D:1      | dvd, the Ogre Berserker, began the quest for the Orb.
     0 | D:1      | Reached XP level 1. HP: 24/24 MP: 1/1
    79 | D:1      | Reached XP level 2. HP: 27/33 MP: 2/2
   819 | D:2      | Reached XP level 3. HP: 37/40 MP: 3/3
   842 | D:2      | Acquired Trog's second power
   941 | D:2      | Reached skill level 5 in Fighting
  1228 | D:2      | Reached XP level 4. HP: 46/50 MP: 4/4
  1891 | D:3      | Reached skill level 5 in Maces & Flails
  2085 | D:3      | Reached XP level 5. HP: 41/57 MP: 5/5
  2744 | D:3      | Found a radiant altar of Vehumet.
  3430 | D:4      | Reached skill level 1 in Throwing
  3430 | D:4      | Reached XP level 6. HP: 47/66 MP: 6/6
  3687 | D:4      | Gained mutation: Your muscles are strong. (Str +2) [potion of mutation]
  3687 | D:4      | Gained mutation: [You are frail (-10% HP).] [potion of mutation]
  3748 | D:4      | Noticed Typee's ghost (weakling HEWr)
  3777 | D:4      | Killed Typee's ghost
  3782 | D:4      | Reached skill level 6 in Fighting
  3799 | D:4      | Reached skill level 1 in Stealth
  3987 | D:4      | Reached XP level 7. HP: 67/67 MP: 7/7
  4299 | D:4      | Noticed an ogre
  4313 | D:4      | Killed an ogre
  4568 | D:4      | Found a sacrificial altar of Ru.
  4827 | D:5      | Entered Level 5 of the Dungeon
  4931 | D:5      | Got a warped lead ring
  4932 | D:5      | Identified the ring of Springtime {rF++ Int-2 Dex+3} (You found it on level 5 of the Dungeon)
  4941 | D:5      | Noticed Kharon's ghost (experienced HaAs)
  4949 | D:5      | Killed Kharon's ghost
  4949 | D:5      | Reached skill level 7 in Maces & Flails
  4949 | D:5      | Reached skill level 5 in Dodging
  4949 | D:5      | Reached XP level 8. HP: 75/75 MP: 8/8
  5029 | D:5      | Found a snail-covered altar of Cheibriados.
  5181 | D:5      | Acquired Trog's third power
  5202 | D:5      | Received a gift from Trog
  5894 | D:5      | Found an ancient bone altar of Kikubaaqudgha.
  6332 | D:6      | Found a shadowy altar of Dithmenos.
  6340 | D:6      | Reached XP level 9. HP: 61/83 MP: 9/9
  6469 | D:6      | Reached skill level 8 in Maces & Flails
  7441 | D:6      | Found a staircase to the Ecumenical Temple.
  7449 | Temple   | Entered the Ecumenical Temple
  7797 | D:6      | Reached skill level 5 in Throwing
  8215 | D:7      | Found a shattered altar of Ashenzari.
  8264 | D:7      | Got a smoking copper ring
  8297 | D:7      | Identified the cursed ring of Suliog {+Fly MR+ Str-3 Dex+2} (You found it on level 7 of the Dungeon)
  9346 | D:8      | Noticed a hill giant
  9353 | D:8      | Killed a hill giant
  9353 | D:8      | Reached skill level 9 in Fighting
  9698 | D:8      | Noticed Edmund
  9708 | D:8      | Killed Edmund
  9852 | D:8      | Noticed CrazyArbalest's ghost (experienced DENe)
  9967 | D:8      | Reached XP level 10. HP: 91/96 MP: 10/10
 10056 | D:8      | Found a stormy altar of Qazlal.
 10175 | D:9      | Gained mutation: Your spells are a little harder to cast, but a little more powerful. [potion of beneficial mutation]
 10611 | D:9      | Noticed Joseph
 10627 | D:9      | Killed Joseph
 10627 | D:9      | Reached skill level 10 in Maces & Flails
 10924 | D:9      | Reached skill level 1 in Shields
 11743 | D:9      | Noticed Grum
 11779 | D:8      | Received a gift from Trog
 11935 | D:8      | Killed CrazyArbalest's ghost
 11935 | D:8      | Reached skill level 10 in Fighting
 12080 | D:9      | Killed Grum
 12203 | D:10     | Entered Level 10 of the Dungeon
 12316 | D:10     | Found a staircase to the Lair.
 12357 | D:10     | Reached XP level 11. HP: 31/106 MP: 11/11
 13070 | D:10     | Noticed Gastronok
 13084 | D:10     | Killed Gastronok
 13084 | D:10     | Reached skill level 11 in Maces & Flails
 13676 | D:10     | Noticed CrazyArbalest's ghost (experienced DEAM)
 13698 | D:10     | Killed CrazyArbalest's ghost
 13732 | D:10     | Noticed Erolcha
 13746 | D:10     | Killed Erolcha
 13746 | D:10     | Reached skill level 10 in Dodging
 13850 | D:10     | Received a gift from Trog
 14084 | D:11     | Reached skill level 12 in Maces & Flails
 14289 | D:11     | Noticed a hill giant
 14296 | D:11     | Killed a hill giant
 14349 | D:11     | Reached XP level 12. HP: 117/117 MP: 12/12
 14362 | D:11     | Noticed Nergalle
 14394 | D:11     | Killed Nergalle
 14430 | D:11     | Got an ichor-stained hunting sling
 14431 | D:11     | Identified the +5 hunting sling of the Weasel {speed, +Inv Int+5 Dex-4 Stlth+} (You found it on level 11 of the Dungeon)
 14932 | D:11     | Noticed a tengu warrior
 14940 | D:11     | Killed a tengu warrior
 15121 | D:12     | Noticed Kharon's ghost (powerful MiFi)
 15142 | D:12     | Killed Kharon's ghost
 15142 | D:12     | Reached skill level 5 in Shields
 15516 | D:12     | Found Mnuet's Magic Scroll Boutique.
 15553 | D:12     | Found a staircase to the Orcish Mines.
 15637 | D:12     | Received a gift from Trog
 16015 | D:12     | Noticed a centaur warrior
 16020 | D:12     | Killed a centaur warrior
 16369 | Lair:1   | Entered Level 1 of the Lair of Beasts
 16384 | Lair:1   | Reached skill level 13 in Maces & Flails
 16856 | Lair:1   | Reached XP level 13. HP: 119/126 MP: 13/13
 18446 | Lair:2   | Received a gift from Trog
 18580 | Lair:2   | Identified a scroll of acquirement
 18650 | Lair:3   | Noticed Erica
 18661 | Lair:3   | Reached skill level 14 in Maces & Flails
 18669 | Lair:3   | Killed Erica
 19426 | Lair:4   | Received a gift from Trog
 20218 | Lair:4   | Found a staircase to the Shoals.
 20479 | Lair:5   | Received a gift from Trog
 20609 | Lair:5   | Reached skill level 1 in Evocations
 21740 | Lair:6   | Reached XP level 14. HP: 137/137 MP: 16/16
 21936 | Lair:6   | Received a gift from Trog
 21940 | Lair:6   | Got an encrusted greatsling {god gift}
 21941 | Lair:6   | Identified the +7 greatsling of Desperation {velocity, Int-5 Dex+4 Stlth+} (Trog gifted it to you on level 6 of the Lair of Beasts)
 21946 | Lair:6   | Found a hole to the Spider Nest.
 22404 | Lair:7   | Reached skill level 15 in Maces & Flails
 23081 | Lair:7   | Received a gift from Trog
 23094 | Lair:7   | Got a dazzling morningstar {god gift}
 23095 | Lair:7   | Identified the +3 morningstar of Smyum {crush, rC+ MR+ Str+5 Dex-4 Stlth+} (Trog gifted it to you on level 7 of the Lair of Beasts)
 23372 | Lair:8   | Entered Level 8 of the Lair of Beasts
 23376 | Lair:8   | Reached skill level 5 in Stealth
 23655 | Lair:8   | Found a staircase to the Slime Pits.
 24147 | Lair:8   | Received a gift from Trog
 24199 | Lair:8   | Noticed Charly's ghost (powerful DDBe)
 24214 | Lair:8   | Killed Charly's ghost
 24214 | Lair:8   | Reached skill level 16 in Maces & Flails
 24642 | Lair:8   | Received a gift from Trog
 24664 | Lair:8   | Reached XP level 15. HP: 112/146 MP: 4/19
 24703 | Lair:8   | Got an ancient dire flail {god gift}
 24709 | Lair:8   | Identified the +6 dire flail "Theamuack" {crush, rElec} (Trog gifted it to you on level 8 of the Lair of Beasts)
 25283 | Shoals:1 | Entered Level 1 of the Shoals
 25418 | Shoals:1 | Lost mutation: [You are frail (-10% HP).] [potion of cure mutation]
 25418 | Shoals:1 | Lost mutation: Your spells are a little harder to cast, but a little more powerful. [potion of cure mutation]
 25418 | Shoals:1 | Lost mutation: Your muscles are strong. (Str +2) [potion of cure mutation]
 25429 | Shoals:1 | Noticed a kraken
 25492 | Shoals:2 | Found a frozen archway.
 25535 | IceCv    | Entered an ice cave
 26139 | IceCv    | Received a gift from Trog
 26825 | Orc:1    | Entered Level 1 of the Orcish Mines
 27051 | Orc:2    | Reached skill level 17 in Maces & Flails
 27058 | Orc:2    | Cast into the Abyss (orc)
 27070 | Abyss:1  | Noticed a tentacled starspawn
 27145 | Abyss:2  | Noticed an Executioner
 27160 | Abyss:2  | HP: 2/148 [Executioner (7)]
 27165 | Abyss:2  | Slain by an Executioner

Action                   |  1- 3 |  4- 6 |  7- 9 | 10-12 | 13-15 || total
-------------------------+-------+-------+-------+-------+-------++-------
Melee: Mace              |    24 |       |       |       |       ||    24
       Whip              |    49 |   130 |    87 |    27 |       ||   293
       Morningstar       |       |    25 |   225 |       |   468 ||   718
       Giant spiked club |       |       |     8 |       |       ||     8
       Flail             |       |       |    11 |   761 |   522 ||  1294
       Broad axe         |       |       |       |     5 |       ||     5
       Great mace        |       |       |       |       |    88 ||    88
       Dire flail        |       |       |       |       |   106 ||   106
Throw: Tomahawk          |       |    23 |    33 |     2 |       ||    58
       Large rock        |       |    31 |    30 |   119 |   180 ||   360
       Stone             |       |     6 |    51 |    17 |       ||    74
       Throwing net      |       |       |       |     2 |     4 ||     6
Invok: Burn Spellbooks   |       |     1 |     2 |       |     3 ||     6
       Trog's Hand       |       |     2 |     3 |     7 |     8 ||    20
       Berserk           |       |       |     2 |     7 |     3 ||    12
 Abil: Stop Flying       |       |       |       |       |     1 ||     1
       Evoke Flight      |       |       |       |       |     1 ||     1
Evoke: Wand              |       |       |       |     9 |    59 ||    68
  Use: Potion            |       |     9 |     1 |     4 |     5 ||    19
       Scroll            |       |     8 |     7 |    12 |    22 ||    49
 Stab: Sleeping          |       |     1 |     4 |     4 |     6 ||    15
       Distracted        |       |       |       |     2 |     1 ||     3
       Fleeing           |       |       |       |     1 |       ||     1
       Held in net/web   |       |       |       |     1 |     1 ||     2
       Confused          |       |       |       |       |     3 ||     3
  Eat: Chunk             |       |    10 |    15 |    22 |    20 ||    67
       Pizza             |       |       |     1 |     1 |       ||     2
       Meat ration       |       |       |     1 |     1 |     2 ||     4
       Royal jelly       |       |       |       |     1 |       ||     1
       Beef jerky        |       |       |       |     1 |     5 ||     6
       Bread ration      |       |       |       |       |     1 ||     1
